 Dungeon Crawl Stone Soup version 0.28-a0-697-g47f3eba078 (webtiles) character file.

Game seed: 12743643429054585097

312 KoroneIsBestGirl the Skirmisher (level 6, 0/56 HPs)
             Began as a Minotaur Fighter on Oct 24, 2021.
             Was a Follower of the Shining One.
             Slain by a kobold brigand (6 damage)
             ... on level 3 of the Dungeon.
             The game lasted 00:02:12 (2652 turns).

KoroneIsBestGirl the Skirmisher (Minotaur Fighter)  Turns: 2652, Time: 00:02:12

Health: 0/56       AC:  7    Str: 22    XL:     6   Next: 18%
Magic:  5/5        EV:  9    Int:  5    God:    the Shining One [*.....]
Gold:   129        SH:  5    Dex: 10    Spells: 5/5 levels left

rFire   . . .      SeeInvis .   a - +0 trident
rCold   . . .      Faith    .   c - +0 buckler
rNeg    . . .      Spirit   .   b - +0 scale mail
rPois   .          Reflect  .   (helmet restricted)
rElec   .          Harm     .   (no cloak)
rCorr   .          Rampage  .   (no gloves)
Will    .....                   (no boots)
Stlth   ..........              (no amulet)
HPRegen 0.18/turn               (no ring)
MPRegen 0.09/turn               (no ring)

@: glowing
A: horns 2, retaliatory headbutt
a: Renounce Religion


You were on level 3 of the Dungeon.
You worshipped the Shining One.
The Shining One was aware of your devotion.
You visited 1 branch of the dungeon, and saw 4 of its levels.

You collected 129 gold pieces.

Inventory:

Hand Weapons
 a - a +0 trident (weapon)
Armour
 b - a +0 scale mail (worn)
 c - a +0 buckler (worn)
Scrolls
 e - 2 scrolls of teleportation {unknown}
 f - a scroll of vulnerability {unknown}
 g - a scroll of immolation {unknown}
 i - a scroll of magic mapping {unknown}
 j - 2 scrolls of fear {unknown}
 l - a scroll of acquirement {unknown}
 m - a scroll of brand weapon {unknown}
 n - 2 scrolls of identify {unknown}
 p - a scroll of torment {unknown}
Potions
 d - a potion of might
 h - a potion of curing {unknown}
 k - a potion of degeneration {unknown}
 o - a potion of attraction {unknown}


   Skills:
 + Level 5.2 Fighting
 + Level 4.4 Polearms
 + Level 5.2 Armour
 + Level 5.2 Shields


You had 5 spell levels left.
You didn't know any spells.
Your spell library contained the following spells:

 Spells                   Type           Power      Damage    Failure   Level
 Portal Projectile        Hex/Tloc       0%         N/A       98%         3
 Tukima's Dance           Hex            0%         N/A       98%         3
 Passage of Golubria      Tloc           0%         N/A       100%        4
 Blade Hands              Tmut           0%         N/A       100%        5
 Excruciating Wounds      Necr           0%         N/A       100%        5
 Yara's Violent Unravell  Hex/Tmut       0%         3d3       100%        5


Dungeon Overview and Level Annotations

Branches:
Dungeon (4/15)
 Temple: D:4-7

Altars:
The Shining One


Innate Abilities, Weirdness & Mutations

You have a pair of horns on your head.
You reflexively headbutt those who attack you in melee.


Message History

You feel sick.
There is a stone staircase leading up here.
You feel sick. The ball python bites you.
* * * LOW HITPOINT WARNING * * *
The ball python grabs you.
You stop ascending the stairs.
The ball python constricts you. The jelly hits you but does no damage.
Unknown command.
The ball python's grasp on you weakens, but your attempt to escape fails.
You feel sick.
The kobold brigand hits you with a +0 short sword.
* * * LOW HITPOINT WARNING * * *
The ball python bites you.
* * * LOW HITPOINT WARNING * * *
The ball python constricts you.
* * * LOW HITPOINT WARNING * * *
The jelly hits you but does no damage.
You escape the ball python's grasp.
You feel sick.
You are no longer poisoned.
The kobold brigand hits you but does no damage.
The jelly barely misses you. You furiously retaliate!
You headbutt the jelly!
You kill the jelly!
The ball python closely misses you. You block the ball python's attack.
The orc barely misses you. You furiously retaliate!
You headbutt the orc!
You kill the orc!
You climb upwards.
There is a stone staircase leading down here.
The kobold brigand throws a poisoned dart.
The poisoned dart closely misses you. You block the kobold brigand's attack.
You hit the kobold brigand. You headbutt the kobold brigand!
The kobold brigand is moderately wounded.
The kobold brigand hits you with a +0 short sword.
* * * LOW HITPOINT WARNING * * *
You closely miss the kobold brigand.
The kobold brigand is moderately wounded.
You block the kobold brigand's attack.
You hit the kobold brigand. You headbutt the kobold brigand!
The kobold brigand is severely wounded.
The kobold brigand hits you with a +0 short sword.
You die...

### #.#.##.# ##### ##.##
#.#.##.########...#
##.#.###.................#
##.###.##...##.########...#
##.#####.#......# ##.##
#.###..........## #.#
##.##.##.##.S.## ##.#
##.#.#.####K## ##..#
########...## #@# ##.#.##
.......(#.## #.# ##.....##
.######.#.# ##'## #.#.....#
<######.#.## ##...## ##...#.##
.##......#.###.....## ##....#
.##.##..#.###.......## ##...#.##
.##.#...####....)....####.>......
...........'.........'.......###.
###.#...####.........###.....# #.


You could see a kobold brigand and a ball python.

Vanquished Creatures
  A necrophage (D:2)
  A scorpion (D:4)
  A jelly (D:4)
  Jessica (D:3)
  4 adders (D:2)
  3 worms
  A dart slug (D:2)
  2 orcs
  5 ball pythons
  4 bats
  4 endoplasms
  8 hobgoblins
  8 jackals
  A quokka (D:2)
  2 frilled lizards
  4 goblins
  5 kobolds
  6 rats
61 creatures vanquished.

Notes
Turn   | Place    | Note
-------+----------+-------------------------------------------
     0 | D:1      | KoroneIsBestGirl the Minotaur Fighter began the quest for
                  | the Orb.
     0 | D:1      | Reached XP level 1. HP: 19/19 MP: 0/0
   114 | D:1      | Reached XP level 2. HP: 27/27 MP: 1/1
   369 | D:2      | Noticed a necrophage
   375 | D:2      | Reached XP level 3. HP: 26/33 MP: 2/2
   386 | D:2      | Killed a necrophage
   387 | D:2      | Reached XP level 4. HP: 34/41 MP: 3/3
   495 | D:2      | Reached XP level 5. HP: 47/47 MP: 4/4
  1524 | D:2      | Found a faded altar of an unknown god.
  1802 | D:2      | Prayed at the altar of an unknown god.
  1802 | D:2      | Became a worshipper of the Shining One
  1802 | D:2      | Reached * piety under the Shining One
  2001 | D:3      | Noticed Jessica
  2006 | D:3      | Killed Jessica
  2087 | D:3      | Reached skill level 5 in Armour
  2249 | D:3      | Reached skill level 5 in Fighting
  2578 | D:4      | Reached skill level 5 in Shields
  2578 | D:4      | Reached XP level 6. HP: 38/56 MP: 5/5
  2652 | D:3      | Slain by a kobold brigand

Illustrated notes

Levels and vault maps discovered:
D:1:      tarquinn_simple_flora_water_b, layout_rooms, minmay_misc_feat_tiny,
          minmay_strange_pillars
D:2:      layout_basic, ebering_ecumenical_altar_rust, minmay_ruptured
D:3:      layout_loops_corners, uniq_jessica
D:4:      layout_rooms

Skill      XL: |  1  2  3  4  5 |
---------------+----------------+-----
Fighting       | 4 5 |  5.2
Armour         | 4 5 |  5.2
Shields        | 4 5 |  5.2
Polearms       | 3 4 |  4.4

Action                   |  1- 3 |  4- 6 || total
-------------------------+-------+-------++-------
Melee: Trident           |    58 |    92 ||   150
       Headbutt          |     5 |    18 ||    23
Armor: Scale mail        |    14 |    23 ||    37
Dodge: Dodged            |    17 |    23 ||    40
Block: Buckler           |    12 |    18 ||    30

Table legend: (Time is in decaauts)
 A = Elapsed time spent in this place.
 B = Non-inter-level travel time spent in this place.
 C = Inter-level travel time spent in this place.
 D = Time resting spent in this place.
 E = Time spent auto-exploring this place.
 F = Levels seen in this place.
 G = Mean time per level.
                   A        B        C        D        E       F      G
               +--------+--------+--------+--------+--------+-----+--------+
         Total |   2672 |   2417 |    255 |      0 |   2065 |   4 |  668.0 |
       Dungeon |   2672 |   2417 |    255 |      0 |   2065 |   4 |  668.0 |
               +--------+--------+--------+--------+--------+-----+--------+

Top non-repeatable levels by time:
     D:2: 1320 daAuts
     D:3: 931 daAuts
     D:1: 344 daAuts
     D:4: 77 daAuts
